[Event "Late-Titled-Tuesday-Blitz-February-27-2024"]
[Site "Chess.com"]
[Date "2024.02.27"]
[Round "2"]
[White "otrov-11"]
[Black "MITerryble"]
[Result "0-1"]
[WhiteElo "2614"]
[BlackElo "3017"]
[TimeControl "180+1"]
[EndTime "14:18:16 PST"]
[Termination "MITerryble won on time"]

1. d4 e6 2. c4 Bb4+ 3. Bd2 c5 4. d5 Nf6 5. Nc3 O-O 6. Nf3 exd5 7. cxd5 d6 8. e3 Nbd7 9. a3 Bxc3 10. Bxc3 Nb6 11. Bxf6 Qxf6 12. Qd2 Bf5 13. Bd3 Bxd3 14. Qxd3 Qxb2 15.
O-O c4 16. Qf5 g6 17. Qf4 Rad8 18. e4 Rfe8 19. h4 Qg7 20. a4 c3 21. Rfc1 Nc4 22.
Rab1 Rd7 23. Rb3 Rde7 24. Rbxc3 Rxe4 25. Qg3 Ne5 26. Rc8 Qf8 27. Rxe8 Qxe8 28. Ng5 Rxa4 29. Qh3 Ng4 30. h5 Rc4 31. Rb1 Nf6 32. hxg6 hxg6 33. Qg3 Qe7 34. Nf3 Nxd5 35. Rd1 Nf6 36. Qg5 Rc5 37. Qh6 Ng4 38. Qf4 Ne5 39. Ng5 Rc4 40.
Ne4 f5 41. Qg5 Qxg5 42. Nxg5 Rc6 43. Ne6 Nf7 44. Nd4 Rc5 45. Nf3 d5 46. Re1 Kf8 47.
Re6 Rc6 48. Re2 Rd6 49. Nd4 a6 50. Rc2 Nd8 51. Rc7 Ne6 52. Rc8+ Kf7 53. Nf3 Kf6 54. Rb8 Rb6 0-1

[Event "Late-Titled-Tuesday-Blitz-February-27-2024"]
[Site "Chess.com"]
[Date "2024.02.27"]
[Round "2"]
[White "Caracal3000"]
[Black "kai_nov"]
[Result "1-0"]
[WhiteElo "2526"]
[BlackElo "2323"]
[TimeControl "180+1"]
[EndTime "14:18:19 PST"]
[Termination "Caracal3000 won on time"]

1. e4 c5 2. Nf3 Nc6 3. Nc3 e5 4. Bc4 d6 5. d3 Be7 6. Nd2 Bg5 7. Nf1 Bxc1 8. Qxc1 Nge7 9. Ne3 O-O 10. O-O Be6 11. Ncd5 Nd4 12. c3 Ne2+ 13. Kh1 Nxc1 14. Raxc1 Nxd5 15.
exd5 Bd7 16. d4 cxd4 17. cxd4 exd4 18. Nc2 Qb6 19. Bb3 Bf5 20. Na3 Rac8 21. Nc4 Qc5 22. Rcd1 Rfe8 23. Nd2 Bd3 24. Rg1 b5 25. Nf3 Be2 26.
Rd2 Bxf3 27. gxf3 g6 28. f4 a5 29. f5 Kg7 30. fxg6 hxg6 31. a3 a4 32. Ba2 Re5 33. f4 Rf5 34. Rdg2 Rxf4 35. Rg3 Re8 36. Rg5 Re3 37.
Bb1 Qxd5+ 38. Rxd5 Re2 39. Bd3 Rd2 40. Bf1 Rxb2 41.
Bg2 b4 42. axb4 a3 43. Rxd6 a2 44. Ra6 Rff2 45. Ra7 Rxb4 46. Be4 Rbb2 47. Rxg6+ Kf8 48.
Rg3 Rb1+ 49. Rg1 Rbb2 50. Ra1 Rxh2+ 51. Kg1 Rhe2 52. Bd3 Red2 53. Be4 Re2 54. Bd3 Rg2+ 55. Kf1 Rh2 56. Kg1 Rbg2+ 57. Kf1 Rd2 58. Kg1 Rh6 59.
Bc4 1-0

[Event "Late-Titled-Tuesday-Blitz-February-27-2024"]
[Site "Chess.com"]
[Date "2024.02.27"]
[Round "2"]
[White "MrKGG1"]
[Black "TanitoluwaAps116"]
[Result "0-1"]
[WhiteElo "2582"]
[BlackElo "2906"]
[TimeControl "180+1"]
[EndTime "14:18:20 PST"]
[Termination "TanitoluwaAps116 won by resignation"]

1. e4 c5 2. Nc3 Nc6 3. g3 g6 4. Bg2 Bg7 5. d3 d6 6. Be3 Nf6 7.
h3 O-O 8. Qd2 Nd4 9. Nd1 e5 10. c3 Nc6 11. Ne2 Be6 12. O-O Re8 13. f4 exf4 14. Nxf4 Bd7 15. g4 Kh8 16. Nf2 Ne5 17. b3 Bc6 18. g5 Ng8 19. d4 cxd4 20. cxd4 Nd7 21. h4 f6 22. a4 fxg5 23. hxg5 Nf8 24. N4d3 Rc8 25. Rae1 Bd7 26. Nb4 Ne6 27. Nd5 Bc6 28. Bh3 Bd7 29. Ng4 Nc7 30. Nxc7 Rxc7 31.
Kh2 Qc8 32. Qg2 Rc2 33. Rf2 Rxf2 34. Bxf2 Rf8 35. Be3 Qc3 36. Re2 Bxd4 37. Bxd4+ Qxd4 38. Rd2 Qg7 39. Rxd6 Bxg4 40. Bxg4 Qe5+ 41. Qg3 Qxg5 42. Rd7 Nf6 43. Rxb7 Nxg4+ 44. Kh3 Qh5+ 45. Kg2 Rf2+ 46. Kg1 Rf8 47. Qc3+ Ne5 48. Qg3 Qd1+ 49. Kh2 Qe2+ 50. Kh3 Qh5+ 51. Kg2 Kg8 52. Rxa7 Qe2+ 53. Kh3 Rf3 54.
Ra8+ Kg7 55. Ra7+ Nf7 56. Rxf7+ Kxf7 0-1

[Event "Late-Titled-Tuesday-Blitz-February-27-2024"]
[Site "Chess.com"]
[Date "2024.02.27"]
[Round "2"]
[White "WilsonPalencia21"]
[Black "ckgchess"]
[Result "1-0"]
[WhiteElo "2589"]
[BlackElo "2870"]
[TimeControl "180+1"]
[EndTime "14:18:20 PST"]
[Termination "WilsonPalencia21 won on time"]

1. d4 Nf6 2. c4 g6 3. Nf3 Bg7 4. Nc3 O-O 5. e4 d6 6. Be2 e5 7. O-O exd4 8. Nxd4 Re8 9. f3 Nc6 10. Be3 Nh5 11. Qd2 Nxd4 12. Bxd4 Nf4 13. Rf2 Qg5 14. Kh1 h6 15. Be3 Be5 16. Nd5 c6 17. Nxf4 Qh4 18. g3 Qe7 19. Nd3 Bh8 20. Bxh6 Be6 21. Bg5 f6 22. Bf4 Bxc4 23. b3 Bf7 24. Rd1 Rad8 25.
Bf1 d5 26. exd5 Bxd5 27. Bg2 g5 28. Re1 Qh7 29. Rxe8+ Rxe8 30. Be3 Qe7 31. Bc5 Qd7 32. Re2 Rd8 33. Qe3 Bf7 34. Nf2 Bg7 35. Qe7 Qc8 36. Bh3 Qb8 37. Be6 Rf8 38. Bxf7+ Rxf7 39. Qe8+ Qxe8 40. Rxe8+ Kh7 41. Re7 Rxe7 42. Bxe7 Kg6 43. Kg2 Kf7 44. Bc5 b6 45. Bd4 Ke6 46. Ng4 c5 47.
Bc3 b5 48. h4 gxh4 49. gxh4 b4 50. Bb2 a5 51. h5 Bh8 52. h6 a4 53. h7 a3 54. Bxf6 1-0

[Event "Late-Titled-Tuesday-Blitz-February-27-2024"]
[Site "Chess.com"]
[Date "2024.02.27"]
[Round "2"]
[White "Fandorine"]
[Black "Statham_01"]
[Result "1-0"]
[WhiteElo "2885"]
[BlackElo "2572"]
[TimeControl "180+1"]
[EndTime "14:18:20 PST"]
[Termination "Fandorine won by resignation"]

1. d4 Nf6 2. c4 e5 3. dxe5 Ng4 4. e3 Nxe5 5. Nh3 Nbc6 6. Nf4 Bb4+ 7. Bd2 d6 8. Nc3 Bf5 9. a3 Bc5 10. b4 Bb6 11.
Be2 Qh4 12. O-O g5 13. Nfd5 g4 14. Nxb6 axb6 15. e4 Be6 16. Bf4 Qf6 17. Be3 Rg8 18. Nd5 Bxd5 19. cxd5 Nf3+ 20. Kh1 Nce5 21. gxf3 gxf3 22.
Bb5+ c6 23. Rg1 Rg2 24. Rxg2 fxg2+ 25. Kxg2 cxb5 26. Qh5 O-O-O 27. Qf5+ Qxf5 28. exf5 Rg8+ 29. Kf1 Nc4 30. a4 bxa4 31. Rxa4 Kc7 32. b5 Ne5 33. Rh4 Rg7 34. h3 Kd7 35. Ke2 Rg1 36. Rxh7 Rb1 37. Bd4 Rxb5 38. f4 Nc4 39. Kd3 Na3 40.
Rxf7+ Kc8 41. Ke4 Nc2 42. Bc3 Rc5 43. Kd3 Na3 44. f6 Rxd5+ 45. Ke4 Rc5 46. Bd4 Rc4 47. Kd5 Rc6 48. Re7 Kd8 49. Rxb7 Rc4 50. f7 Kc8 51. Re7 Rxd4+ 52. Kxd4 Nb5+ 53. Kd5 Nc7+ 54. Kc6 1-0

[Event "Late-Titled-Tuesday-Blitz-February-27-2024"]
[Site "Chess.com"]
[Date "2024.02.27"]
[Round "2"]
[White "noblerone"]
[Black "chessydotcom"]
[Result "0-1"]
[WhiteElo "2473"]
[BlackElo "2271"]
[TimeControl "180+1"]
[EndTime "14:18:20 PST"]
[Termination "chessydotcom won on time"]

1. d4 d5 2. Nf3 c5 3. c3 Nc6 4. dxc5 e5 5. Be3 f5 6. Bg5 Nf6 7. Bxf6 gxf6 8. b4 a5 9. b5 Nb8 10. e3 Bxc5 11. Be2 Be6 12. O-O O-O 13. Nh4 Kh8 14.
Bd3 e4 15. Bc2 Rg8 16. g3 Qd7 17. a4 Qg7 18. Qh5 Qg5 19. Bd1 Nd7 20. Nd2 Ne5 21.
Nb3 Bb6 22. Nd4 Bxd4 23. cxd4 Nc4 24. Be2 Nd6 25. Rfc1 Rac8 26. Rc5 Bf7 27. Qxg5 fxg5 28. Ng2 b6 29. Rc6 Nc4 30. Rf6 Kg7 31. Rxf5 Kg6 32. g4 Be6 33. h3 Bxf5 34. gxf5+ Kxf5 35. Bg4+ Kf6 36. Bxc8 Rxc8 37. Rc1 Rf8 38. Ne1 Re8 39. Kg2 Re6 40. Nc2 Nb2 41. Ne1 Ke7 42. Rc7+ Kd6 43. Rxh7 Nxa4 44. Rg7 Nc3 45. Rxg5 a4 46. Nc2 Nxb5 47.
Nb4 Nc7 48. h4 a3 49. h5 Ke7 50. Rg7+ Kd6 51. Kg3 Na6 52. Nxa6 a2 0-1

[Event "Late-Titled-Tuesday-Blitz-February-27-2024"]
[Site "Chess.com"]
[Date "2024.02.27"]
[Round "2"]
[White "bipe137"]
[Black "GMKrikor"]
[Result "0-1"]
[WhiteElo "2567"]
[BlackElo "2861"]
[TimeControl "180+1"]
[EndTime "14:18:21 PST"]
[Termination "GMKrikor won by resignation"]

1. d4 Nf6 2. c4 g6 3. Nc3 d5 4. cxd5 Nxd5 5. e4 Nxc3 6. bxc3 c5 7. Bc4 Bg7 8. Ne2 O-O 9. Be3 Nc6 10. h4 cxd4 11. cxd4 Qa5+ 12. Kf1 Qb4 13. Rc1 Na5 14. Bd3 h5 15. f3 Rd8 16. Kf2 Bd7 17. Bd2 Qb6 18. Rb1 Qc7 19. Rc1 Qb6 20. Rb1 Bxd4+ 21.
Kf1 Qc5 22. Nxd4 Qxd4 23. Bxa5 b6 24. Be1 Ba4 25. Bc2 Qc4+ 26. Qe2 Qxc2 27. Qxc2 Bxc2 28. Rc1 Bd3+ 29. Kf2 Rac8 30. Bb4 Bc4 31. Bxe7 Rd2+ 32. Kg3 Rxa2 33. Rhd1 b5 34. Bf6 Ra6 35. e5 Rac6 36. Rd7 R6c7 37. Rd6 Rb7 38. Rcd1 Rbb8 39. Ra6 b4 40.
Rxa7 b3 41. e6 Bxe6 42. Rd2 Rc2 43. Rxc2 bxc2 44. Rc7 Bf5 45. Kf4 Ra8 46. Kg5 Kf8 47. g4 Bd3 48. gxh5 gxh5 49. Rd7 Bg6 50. Kh6 c1=Q+ 51.
Bg5 Qc6 52. Rxf7+ Kxf7 53. Bf6 Qxf6 0-1

[Event "Late-Titled-Tuesday-Blitz-February-27-2024"]
[Site "Chess.com"]
[Date "2024.02.27"]
[Round "2"]
[White "Boninknights"]
[Black "NateSolon"]
[Result "0-1"]
[WhiteElo "2383"]
[BlackElo "2691"]
[TimeControl "180+1"]
[EndTime "14:18:21 PST"]
[Termination "NateSolon won on time"]

1. d4 d5 2. Nf3 Nf6 3. c4 c6 4. Qb3 dxc4 5. Qxc4 Bf5 6. Nbd2 e6 7. g3 Be7 8. Bg2 O-O 9. O-O Nbd7 10. Qb3 Nb6 11. Nc4 Nxc4 12. Qxc4 Rc8 13. b4 Be4 14. a3 Qd5 15. Qc3 Qh5 16. Bb2 Rfd8 17. Rfd1 Qd5 18. Ne1 h6 19. f3 Bh7 20. e4 Qb5 21. Nd3 Nd7 22. Rac1 Bf6 23. Nc5 Nxc5 24. Qxc5 Qxc5 25. bxc5 b6 26. cxb6 axb6 27. e5 Be7 28. f4 c5 29. d5 exd5 30. Bxd5 Bf5 31. a4 Be6 32. Bxe6 fxe6 33. Kf2 Kf7 34. Ke2 Rxd1 35. Rxd1 Ra8 36. Ra1 Ke8 37. Kd3 Kd7 38. Kc4 Kc6 39. Bc3 g6 40. Kb3 Rd8 41. Kc2 c4 42. Rb1 Ra8 43. Bb4 Bd8 44. Ra1 h5 45. Kc3 Kd5 46. Rd1+ Ke4 47.
Kxc4 Kf3 48. Kb5 Kg2 49. Rxd8 Rxd8 50. Kxb6 Kxh2 51. a5 Kxg3 52. a6 h4 53. a7 h3 54. f5 gxf5 55. Kc7 Ra8 56. Kb7 Rxa7+ 0-1

[Event "Late-Titled-Tuesday-Blitz-February-27-2024"]
[Site "Chess.com"]
[Date "2024.02.27"]
[Round "2"]
[White "laskakid"]
[Black "KNVB"]
[Result "0-1"]
[WhiteElo "2403"]
[BlackElo "2835"]
[TimeControl "180+1"]
[EndTime "14:18:21 PST"]
[Termination "KNVB won by resignation"]

1. d4 Nf6 2. Bg5 d5 3. e3 Ne4 4.
Bf4 e6 5. Nd2 Nxd2 6. Qxd2 Bd6 7. Nf3 Nc6 8. c3 Qe7 9. Be2 O-O 10. O-O Bd7 11. h3 Rad8 12. Bxd6 cxd6 13. c4 dxc4 14.
Bxc4 Qf6 15. Rfd1 Ne7 16. e4 Ng6 17. Qe3 e5 18. dxe5 dxe5 19. Bf1 b6 20. Kh2 Be6 21. b3 h6 22. Rac1 Rxd1 23. Rxd1 Rd8 24. Rd2 Qe7 25.
Qc3 Rxd2 26. Nxd2 Qd6 27. Bc4 Bd7 28. Nf3 Kf8 29. Bd5 Ke7 30. Qc4 Be8 31. h4 Nf4 32. g3 Nxd5 33. exd5 f6 34. Qe4 Bf7 35. Qh7 Qxd5 36.
Ng1 Kf8 37. Qf5 Qe6 38. Qd3 Qe7 39. Qe4 Be6 40. Qa8+ Kf7 41. Nf3 Bg4 42. Nd2 Qd7 43. Ne4 Kg6 44. Qg8 h5 45. Qf8 Bf3 46. Ng5 fxg5 47.
Qxf3 gxh4 48. Qe4+ Qf5 49. Qg2 hxg3+ 50. Qxg3+ Kf6 51.
Qe3 Qf4+ 52. Qxf4+ exf4 53. Kh3 Kf5 54. Kh4 g6 55. Kh3 g5 56. Kg2 Ke4 0-1

[Event "Late-Titled-Tuesday-Blitz-February-27-2024"]
[Site "Chess.com"]
[Date "2024.02.27"]
[Round "2"]
[White "OverallStranger"]
[Black "Gentlejimmy7"]
[Result "0-1"]
[WhiteElo "2375"]
[BlackElo "2624"]
[TimeControl "180+1"]
[EndTime "14:18:21 PST"]
[Termination "Gentlejimmy7 won by resignation"]

1. e4 c6 2. d4 d5 3. exd5 cxd5 4. Bd3 Nf6 5. c3 g6 6. Bf4 Bg7 7. Nf3 O-O 8. O-O Nc6 9. Nbd2 Bf5 10. Ne5 Qb6 11.
Qc2 Be6 12. Ndf3 Rac8 13. Qe2 Rfe8 14. h3 Nd7 15. Rfe1 Ndxe5 16. Nxe5 Nxe5 17. Bxe5 f6 18. Bf4 Bf7 19. Qd2 e5 20. Be3 Qc7 21. Bb5 Red8 22. Ba4 a6 23. Bb3 e4 24. Bf4 Qd7 25. Bh6 f5 26.
Bxg7 Kxg7 27. h4 h6 28. Qf4 Qe7 29. g3 Qd6 30. Qxd6 Rxd6 31. Kf1 g5 32. hxg5 hxg5 33.
Ke2 Bh5+ 34. Ke3 Bf3 35. Bd1 Bxd1 36. Raxd1 Rh6 37. Rh1 Rch8 38. Rxh6 Rxh6 39. Ke2 f4 40. b3 Rh2 41. Rg1 Kf6 42. c4 e3 43. gxf4 gxf4 44. Rf1 dxc4 45. bxc4 Kf5 46. Kf3 Rh3+ 47. Ke2 Ke4 48.
fxe3 Rxe3+ 49. Kd2 Rd3+ 50. Kc2 Rxd4 51. Kc3 Rd3+ 52.
Kb4 Rd2 53. a3 f3 54. c5 Ke3 55. Rh1 f2 56. Kc3 Ra2 57. Rh8 Rxa3+ 58. Kb2 Ra5 59. Re8+ Kf3 60. Rf8+ Kg2 61. Rg8+ Kf1 62. Rg7 Rb5+ 63.
Ka3 Rxc5 64. Rxb7 Ra5+ 65. Kb4 Rb5+ 66. Rxb5 axb5 67. Ka5 b4 68. Kxb4 Ke1 69. Kc3 f1=Q 70. Kc2 Qf4 71. Kb2 Qc4 0-1

[Event "Late-Titled-Tuesday-Blitz-February-27-2024"]
[Site "Chess.com"]
[Date "2024.02.27"]
[Round "2"]
[White "szachmistrz2500"]
[Black "Alphafischer2019"]
[Result "0-1"]
[WhiteElo "2417"]
[BlackElo "2699"]
[TimeControl "180+1"]
[EndTime "14:18:22 PST"]
[Termination "Alphafischer2019 won on time"]

1. d4 Nf6 2. c4 b6 3. Nc3 Bb7 4. f3 d5 5. cxd5 Nxd5 6. e4 Nxc3 7. bxc3 e6 8. Bb5+ c6 9. Bc4 Be7 10. Ne2 c5 11. O-O cxd4 12. cxd4 O-O 13. Be3 Nc6 14.
Qd2 Na5 15. Bd3 Rc8 16. Rac1 Qd7 17. Rxc8 Rxc8 18. Rc1 h6 19. Rc3 Nc6 20. Rc1 Ba3 21. Rc2 Nb4 22. Rxc8+ Qxc8 23. Bb5 a6 24. Ba4 b5 25.
Bb3 a5 26. Nc3 Nc6 27. d5 exd5 28. Qxd5 Nd8 29. Qd3 Ba6 30. Nd5 Ne6 31. Nb6 Qc6 32. h3 Bc5 33. Nd5 a4 34. Bc2 b4 35. Qd2 Bxe3+ 36.
Nxe3 Qc5 37. Kh2 Bb5 38. Nf5 Qc7+ 39. Kh1 Nf4 40. Bd1 Bf1 41. g3 Nxh3 42. f4 Bb5 43. Kh2 Nxf4 44. Qxf4 Qd8 45. Nd6 Be8 46. Qe5 Bd7 47.
Qf4 Be6 48. Nf5 Qd7 49. Bf3 b3 50. Qg4 Bxf5 51. exf5 bxa2 0-1

[Event "Late-Titled-Tuesday-Blitz-February-27-2024"]
[Site "Chess.com"]
[Date "2024.02.27"]
[Round "2"]
[White "jaskol95"]
[Black "kripri"]
[Result "1-0"]
[WhiteElo "2550"]
[BlackElo "2347"]
[TimeControl "180+1"]
[EndTime "14:18:22 PST"]
[Termination "jaskol95 won by resignation"]

1. e4 c6 2. d4 d5 3. e5 c5 4.
dxc5 e6 5. a3 Bxc5 6. b4 Bb6 7.
Bb2 Ne7 8. Nf3 Nbc6 9. Bd3 Ng6 10. h4 Nf4 11. Bf1 O-O 12. g3 Ng6 13. h5 Nge7 14. Bd3 h6 15. Nbd2 d4 16. Qe2 Nd5 17.
Qe4 f5 18. exf6 Nxf6 19. Qg6 Ne7 20. Ne5 Nxg6 21. Nxg6 Re8 22. Nc4 Bc7 23. f4 b5 24.
Nce5 Qd5 25. O-O-O a5 26. g4 axb4 27. axb4 Nd7 28.
g5 Nxe5 29. fxe5 Bxe5 30. gxh6 gxh6 31. Rhg1 Bg7 32. Rdf1 e5 33. Rf8+ Bxf8 34. Ne7+ Kf7 35. Nxd5 Rd8 36. Bg6+ Ke6 37. Nc7+ Kd6 38. Nxa8 Bb7 39.
Nb6 Kc6 40. Re1 Bd6 41. Be4+ Kxb6 42. Bxb7 Kxb7 43. Kd2 Rf8 44. Kd3 Kc6 45. Rg1 Kd5 46. Bc1 Rf3+ 47. Ke2 Rf5 48. Rg6 Rxh5 49. Bxh6 Rh2+ 50.
Kd1 e4 51. Rxd6+ Kxd6 52. Bf4+ Kd5 53. Bxh2 Kc4 54. Bd6 d3 55. cxd3+ exd3 56. Bc5 Kc3 57. Kc1 Kb3 58. Kd2 Kc4 59. Bf8 Kb3 60. Kxd3 Ka4 61. Kd4 Kb3 62. Kc5 Ka4 63. Be7 Kb3 64.
Kxb5 Ka3 65. Bc5 1-0

[Event "Late-Titled-Tuesday-Blitz-February-27-2024"]
[Site "Chess.com"]
[Date "2024.02.27"]
[Round "2"]
[White "ritanovikova"]
[Black "Journey_to_GrandMaster_YT"]
[Result "0-1"]
[WhiteElo "2236"]
[BlackElo "2499"]
[TimeControl "180+1"]
[EndTime "14:18:22 PST"]
[Termination "Journey_to_GrandMaster_YT won on time"]

1. e4 d6 2. d4 Nf6 3. Nc3 e5 4. dxe5 dxe5 5. Qxd8+ Kxd8 6. h3 Be6 7. Be3 Nbd7 8. O-O-O c6 9. g4 Bb4 10. Nge2 h6 11.
a3 Ba5 12. Bc5 Bb6 13. Bxb6+ axb6 14. f4 exf4 15. Nxf4 Ke7 16. Nd3 Nc5 17. Bg2 Nfd7 18. Rhe1 f6 19. Nf4 Ne5 20. Nce2 Rhd8 21. Nd4 Rd7 22.
b4 Rxa3 23. bxc5 Ra1+ 24. Kb2 Rxd1 25. Rxd1 Nc4+ 26. Kc1 Ne3 27. Rd2 Nxg2 28. Nxg2 bxc5 29. Nxe6 Rxd2 30. Kxd2 Kxe6 31. Nf4+ Ke5 32. Ke3 c4 33. Nh5 g6 34. Nf4 g5 35. Ne2 b5 36. Nd4 c5 37.
Nf5 b4 38. Nxh6 b3 39. cxb3 cxb3 40. Kd3 c4+ 41. Kc3 Kxe4 42. Ng8 Ke5 43. Ne7 Ke4 44. Ng8 f5 45. gxf5 Kxf5 46. Ne7+ Kf4 47. Nd5+ Kg3 48.
Ne3 Kxh3 49. Nxc4 g4 50. Ne3 g3 51. Kxb3 Kh4 0-1

[Event "Late-Titled-Tuesday-Blitz-February-27-2024"]
[Site "Chess.com"]
[Date "2024.02.27"]
[Round "2"]
[White "kasparicy"]
[Black "Rud_2008"]
[Result "0-1"]
[WhiteElo "2500"]
[BlackElo "2717"]
[TimeControl "180+1"]
[EndTime "14:18:23 PST"]
[Termination "Rud_2008 won by resignation"]

1. d4 Nf6 2. Bf4 d5 3. e3 e6 4. Nc3 c5 5. Nb5 Na6 6. c3 Be7 7. a4 O-O 8. Bd3 Bd7 9. h3 c4 10. Bc2 Qb6 11. Nf3 Bxb5 12. axb5 Qxb5 13. O-O Qxb2 14.
Rb1 Qxc3 15. Rxb7 Rfe8 16. Ne5 Nb4 17. Bb1 a5 18. Bg5 Rab8 19. Ra7 Nd3 20. Nxd3 cxd3 21.
Bxd3 h6 22. Bh4 Ra8 23. Rb7 a4 24. Bb5 Reb8 25. Rxb8+ Rxb8 26. Bxa4 g5 27. Bg3 Rb2 28.
Be5 Ne4 29. Qh5 Bf8 30. Be8 Rb7 31. h4 Qc8 32. Ba4 Qc4 33. Bd1 f6 34. Be2 Qc2 35. Bh2 Rb2 36. Qg6+ Bg7 37. Qe8+ Kh7 38. Bh5 Nxf2 39.
Bg6+ Qxg6 40. Qxg6+ Kxg6 41. Rxf2 Rxf2 42. Kxf2 gxh4 43. Kf3 Kf5 44. Bf4 e5 45. dxe5 fxe5 46.
Bh2 Bf6 47. Bg1 e4+ 48. Ke2 Be5 49. Bf2 Bg3 50. Bg1 Kg4 51. Kf1 h5 52. Ke2 h3 53.
gxh3+ Kxh3 54. Kf1 h4 55. Bf2 Bxf2 56. Kxf2 Kg4 57. Kg2 h3+ 58. Kh2 Kf3 59. Kxh3 Kxe3 60. Kg2 Kd2 0-1

[Event "Late-Titled-Tuesday-Blitz-February-27-2024"]
[Site "Chess.com"]
[Date "2024.02.27"]
[Round "2"]
[White "DraningWaterHi"]
[Black "joksijoksi"]
[Result "0-1"]
[WhiteElo "2213"]
[BlackElo "2488"]
[TimeControl "180+1"]
[EndTime "14:18:23 PST"]
[Termination "joksijoksi won by resignation"]

1. d4 Nf6 2. c4 g6 3. Nf3 Bg7 4. Nc3 O-O 5. g3 d5 6. cxd5 Nxd5 7. Bg2 Nc6 8. e4 Nxc3 9. bxc3 Bg4 10. h3 Bxf3 11.
Bxf3 e5 12. d5 Na5 13. O-O b6 14. Qd3 Nb7 15. Ba3 Re8 16. h4 h5 17. Kg2 Bf8 18. Bb2 Nc5 19. Qc4 a6 20. a4 a5 21. Ba3 Bd6 22. Bxc5 Bxc5 23. Rad1 Qd6 24. Qb5 Rf8 25.
Qc6 Rad8 26. Be2 Qe7 27. Qb5 Rd6 28. Rde1 Kh7 29. Bd3 Rg8 30. c4 g5 31. hxg5 Qxg5 32.
Rh1 h4 33. Rh3 Rh6 34. Reh1 Bxf2 35. Qd7 Bxg3 36. Qxf7+ Rg7 37. Qf5+ Qxf5 38. exf5 Bf4+ 39. Kf3 Rg3+ 40. Rxg3 Bxg3 41. Kg4 Kg7 42. Be4 Kf6 43. Kh3 Rh8 44. Rg1 Rg8 45. Rg2 Rg5 46. Rg1 Rxf5 47. Bxf5 Kxf5 48. Rf1+ Ke4 49. Rf7 Kd3 50. Rxc7 e4 51. Rc6 e3 52. Re6 e2 53. d6 Kd2 54.
d7 Bc7 55. Rd6+ Bxd6 56. d8=Q e1=Q 57. Qxd6+ Kc2 58. Qg6+ Kb3 59. Qxb6+ Ka2 60. Qg6 Qh1+ 61. Kg4 Qg1+ 62. Kf5 Qxg6+ 63. Kxg6 h3 64. c5 h2 65. c6 h1=Q 66. c7 Qc6+ 0-1

[Event "Late-Titled-Tuesday-Blitz-February-27-2024"]
[Site "Chess.com"]
[Date "2024.02.27"]
[Round "2"]
[White "aghasiyevkamal"]
[Black "SantoBlue"]
[Result "0-1"]
[WhiteElo "2607"]
[BlackElo "2978"]
[TimeControl "180+1"]
[EndTime "14:18:24 PST"]
[Termination "SantoBlue won by resignation"]

1. d4 d5 2. c4 c6 3. Nc3 Nf6 4.
cxd5 cxd5 5. Bf4 Nc6 6. e3 e6 7. Be2 Bd6 8. Bg3 O-O 9. Nf3 Bxg3 10. hxg3 Bd7 11. Rc1 Rc8 12. O-O Qe7 13. Na4 Ne4 14.
Nd2 Nxd4 15. Rxc8 Rxc8 16. exd4 Bxa4 17. Qxa4 Nxd2 18. Rd1 Ne4 19. Qxa7 g6 20. Bd3 Nd6 21. Qa3 Kg7 22. Qb4 h5 23. a4 Rh8 24. Qd2 h4 25. Qf4 hxg3 26. Qxg3 Rh4 27. Qe5+ Kh7 28. Rc1 Rh5 29. Qf4 Kg7 30. a5 Qd8 31. b4 Qh8 32. Kf1 Qd8 33. b5 Rh1+ 34. Ke2 Rxc1 35. Qxc1 Qxa5 36.
Qc5 Qa2+ 37. Ke3 Nf5+ 38. Bxf5 gxf5 39. b6 Qb3+ 40. Kf4 Qb2 41. Kg3 Qd2 42. f3 Qe1+ 43.
Kf4 Qd2+ 44. Kg3 Qe1+ 45. Kh2 Kf6 46. Qf8 Qh4+ 47. Kg1 Qxd4+ 48. Kh2 Qxb6 49. Qh8+ Ke7 50. Qc8 Qd6+ 51. Kh3 Qc6 52. Qb8 Qd7 53. g4 fxg4+ 54. fxg4 d4 55. Qa7 d3 56. Qa1 d2 57. Qd1 b5 58. Kg3 b4 59. Kf3 b3 60. Ke2 b2 0-1

[Event "Late-Titled-Tuesday-Blitz-February-27-2024"]
[Site "Chess.com"]
[Date "2024.02.27"]
[Round "2"]
[White "s-dshubin"]
[Black "aa175"]
[Result "0-1"]
[WhiteElo "2347"]
[BlackElo "2686"]
[TimeControl "180+1"]
[EndTime "14:18:24 PST"]
[Termination "aa175 won by checkmate"]

1. e4 e5 2. Nf3 Nf6 3. Nxe5 d6 4.
Nf3 Nxe4 5. Nc3 Nxc3 6. dxc3 Be7 7. Bf4 Nd7 8. Qd2 O-O 9. O-O-O Re8 10. Bd3 Nc5 11. Nd4 Nxd3+ 12. Qxd3 Qd7 13. Rhe1 Bf6 14. Qb5 Rxe1 15. Rxe1 c6 16. Qf5 h6 17. Qxd7 Bxd7 18. Bxd6 b6 19. Be7 Re8 20. Bxf6 Rxe1+ 21. Kd2 Rb1 22. Be5 Rxb2 23. a3 c5 24. Kc1 Ra2 25. Kb1 Rxa3 26. Kb2 Ra4 27. Nb3 Re4 28. Bb8 a5 29. Bc7 a4 30. Nc1 Re6 31. Nd3 Bb5 32. Nf4 Rf6 33. f3 Bc4 34. g3 b5 35. Bd8 Ra6 36. Be7 a3+ 37. Ka1 g5 38. Nd3 Re6 39. Bxc5 Re2 40. Kb1 a2+ 41. Kb2 Bxd3 42. Kxa2 Rxc2+ 43. Kb3 Rxh2 44. Kb4 Bc4 45. Bd4 Rh3 46. f4 Rxg3 47. fxg5 Rxg5 48. Be3 Rd5 49. Bxh6 f5 50. Bf4 Kf7 51. Be3 Kg6 52. Bd4 Kh5 53.
Be3 Kg4 54. Bc1 f4 55. Ka3 Rd1 56. Kb2 Kf3 57. Kc2 Rd8 58. Bb2 Ke3 59. Bc1+ Ke4 60. Bd2 f3 61. Be1 Ke3 62. Bh4 Rd2+ 63. Kc1 Re2 64. Bg5+ Kd3 65. Bd2 Ke4 66. Bg5 Kf5 67. Bd2 Kg6 68. Bf4 Kf7 69. Bd2 Ke6 70. Be3 Kd7 71. Bd4 Kc8 72. Bc5 Kb8 73. Bb4 Ka8 74. Bc5 f2 75. Bd4 b4 76. Bxf2 Rxf2 77. cxb4 Re2 78.
b5 Kb7 79. b6 Kxb6 80. Kb1 Kb5 81. Kc1 Kc5 82. Kd1 Kd5 83. Kc1 Ke5 84. Kd1 Kf5 85. Kc1 Kg5 86. Kd1 Kh5 87. Kc1 Kh6 88.
Kd1 Kh7 89. Kc1 Kh8 90. Kd1 Kg7 91. Kc1 Kg8 92. Kd1 Kf7 93. Kc1 Kf8 94. Kd1 Ke7 95.
Kc1 Ke8 96. Kd1 Kd7 97. Kc1 Kd8 98. Kd1 Kc7 99. Kc1 Kc8 100. Kd1 Kb7 101. Kc1 Kb8 102. Kd1 Ka8 103. Kc1 Ka7 104. Kb1 Ka6 105. Kc1 Ka5 106. Kd1 Ka4 107. Kc1 Ka3 108. Kd1 Kb3 109. Kc1 Kc3 110. Kd1 Rf2 111. Kc1 Rf1# 0-1

[Event "Late-Titled-Tuesday-Blitz-February-27-2024"]
[Site "Chess.com"]
[Date "2024.02.27"]
[Round "2"]
[White "Akhayan"]
[Black "AlexTruskavetsky"]
[Result "1-0"]
[WhiteElo "2423"]
[BlackElo "2700"]
[TimeControl "180+1"]
[EndTime "14:18:25 PST"]
[Termination "Akhayan won by checkmate"]

1. e4 c5 2. Nf3 Nc6 3. Nc3 Nf6 4. Bb5 Nd4 5. e5 Nxb5 6. Nxb5 Nd5 7. Ng5 Nc7 8. Qf3 f6 9. exf6 exf6 10. Qe4+ Be7 11.
Nd6+ Kf8 12. Ngf7 Bxd6 13. Nxd8 Be7 14. O-O Bxd8 15. d4 d5 16. Qf3 Be7 17. Bf4 Ne6 18. dxc5 Bd7 19. Qxd5 Rd8 20. Bd6 Bxd6 21. cxd6 b6 22. Qd2 Kf7 23. Rfe1 Rc8 24. h3 Rc5 25. c3 Rhc8 26. Re2 Rg5 27. Kh1 Rcc5 28. Rae1 Rgd5 29.
Qc1 Rxd6 30. Rd2 Rcd5 31. Red1 Rxd2 32. Rxd2 Rxd2 33. Qxd2 Ke7 34. b4 Bc6 35. c4 g5 36.
b5 Bb7 37. a4 Nf4 38. f3 Ne6 39. a5 Nc5 40. axb6 axb6 41. Qe3+ Kd6 42. Qd4+ Ke7 43.
Qe3+ Kd7 44. h4 h6 45. h5 Bc8 46. Qd2+ Ke7 47. Qc2 f5 48. Qc3 Be6 49. Qg7+ Bf7 50.
Qxh6 Ne6 51. Qh8 g4 52. fxg4 fxg4 53. Kh2 Nf8 54. Qd4 Nd7 55. h6 Bg6 56. Qg7+ Bf7 57. h7 g3+ 58. Kxg3 Nc5 59. h8=Q Nd7 60. Qh4+ Ke8 61.
Qe4+ Kd8 62. Qxf7 Nc5 63. Qee7+ Kc8 64. Qc7# 1-0

[Event "Late-Titled-Tuesday-Blitz-February-27-2024"]
[Site "Chess.com"]
[Date "2024.02.27"]
[Round "2"]
[White "Djager97"]
[Black "dealshark"]
[Result "1-0"]
[WhiteElo "2623"]
[BlackElo "2369"]
[TimeControl "180+1"]
[EndTime "14:18:26 PST"]
[Termination "Djager97 won on time"]

1. e4 c6 2. d4 d5 3. exd5 cxd5 4. Bd3 Nc6 5. c3 Qc7 6. h3 g6 7. Nf3 Bf5 8. Be2 Nf6 9. Be3 Bg7 10. Nbd2 O-O 11.
O-O Rfe8 12. Qc1 Ne4 13. Re1 Rad8 14. Nxe4 dxe4 15. Bf4 e5 16. Nxe5 Nxe5 17. Bxe5 Bxe5 18. dxe5 Qxe5 19. Qe3 a6 20. Rad1 b5 21. a3 h5 22. h4 Qf6 23. g3 Qc6 24. Rd4 Rxd4 25. cxd4 Qc2 26. b4 Rc8 27. d5 Qc3 28. Qxc3 Rxc3 29.
Ra1 Rc2 30. Kf1 Rd2 31. a4 Rxd5 32. axb5 axb5 33. Ra8+ Kg7 34. Rb8 Bd7 35. Rb6 Kf8 36. Ke1 Ke7 37. Bf1 Rd4 38. Rb7 Rxb4 39. Bh3 f5 40. Ke2 Kd6 41. Ke3 Rb3+ 42. Ke2 b4 43.
Rb8 Rb2+ 44. Ke3 Kc5 45. Rd8 Bb5 46. Rc8+ Bc6 47. Rg8 b3 48. Rxg6 Rc2 49. Bxf5 b2 50.
Rxc6+ Kb4 51. Rb6+ Kc5 52. Rb8 b1=Q 53. Rxb1 1-0